 Dungeon Crawl Stone Soup version 0.19-a0-1672-g679cadd (webtiles) character file.

2492 4thArraOfDagon the Grappler (level 9, -4/80 HPs)
             Began as a Troll Monk on Sept 22, 2016.
             Was a High Priest of Okawaru.
             Shot with a bolt by an orc (20 damage)
             ... in a bailey.
             The game lasted 00:09:41 (1659 turns).

4thArraOfDagon the Grappler (Troll Monk)            Turns: 1659, Time: 00:09:41

Health: -4/80      AC:  8    Str: 21    XL:     9   Next: 27%
Magic:  10/12      EV: 13    Int: 12    God:    Okawaru [*****.]
Gold:   18         SH:  0    Dex: 12    Spells: 0 memorised, 8 levels left

rFire  + . .     SeeInvis .       - Unarmed
rCold  . . .     Gourm    +     y - +2 robe {rF+}
rNeg   + . .     Faith    .     (no shield)
rPois  .         Spirit   .     (helmet restricted)
rElec  .         Dismiss  .     p - +0 cloak
rCorr  .         Reflect  .     (gloves unavailable)
MR     +....     Harm     .     (boots unavailable)
Stlth  ++........               (no amulet)
                                l - ring of positive energy
                                j - +3 ring of intelligence

@: heroism
A: unfitting armour, beak, claws 3, blurry vision 1, fast metabolism 3,
gourmand, magic resistance 1, regeneration 1, shaggy fur 1, tough skin 2
a: Heroism, Finesse, Renounce Religion


You were in a bailey.
You worshipped Okawaru.
Okawaru was extremely pleased with you.
You were very full.

You visited 2 branches of the dungeon, and saw 11 of its levels.
You also visited: Bailey.

You collected 221 gold pieces.
You spent 203 gold pieces at shops.

Inventory:

Missiles
 s - 2 throwing nets (quivered)
Armour
 a - a +0 robe
 p - a +0 cloak (worn)
 y - a +2 robe of fire resistance (worn)
 z - a +2 robe of magic resistance
Magical Staves
 q - an uncursed staff of summoning {!a}
Jewellery
 j - a +3 ring of intelligence (left claw)
 l - a ring of positive energy (right claw)
Wands
 r - a wand of random effects (5/48)
 v - a wand of hasting (7/9)
 w - a wand of enslavement (11/24)
Scrolls
 d - a scroll of amnesia {unknown}
 h - 2 scrolls of teleportation {unknown}
 k - a scroll of immolation {unknown}
 m - 3 scrolls of random uselessness
 n - a scroll of remove curse
 t - a scroll of vulnerability
 u - a scroll of blinking {unknown}
 x - a scroll of enchant armour {unknown}
Potions
 f - 2 potions of magic
 g - 2 potions of might
 i - 2 potions of haste {unknown}
 o - 2 potions of agility
Comestibles
 b - 5 bread rations
 c - 5 meat rations


   Skills:
 - Level 2.4(7.4) Fighting
 - Level 2.4(7.4) Dodging
 - Level 1.1(6.1) Stealth
 * Level 10.9(15.9) Unarmed Combat
 + Level 6.1 Invocations


You had 8 spell levels left.
You didn't know any spells.

Dungeon Overview and Level Annotations

Branches:
Dungeon (10/15)            Temple (1/1) D:4
   Lair: D:8-11         Orc: D:9-12

Altars:
Dithmenos
Elyvilon
Hepliaklqana
Makhleb
Nemelex Xobeh
Okawaru
Zin
The Shining One

Shops:
D:9 !


Innate Abilities, Weirdness & Mutations

You are too large for most types of armour.
You have claws for hands.
Your metabolism is lightning-fast.
You like to eat raw meat.
Your natural rate of healing is unusually fast.
You are covered in fur. (AC +1)
You have very tough skin. (AC +2)
You have a beak for a mouth.
Scrolls take you a little longer to read.
You are resistant to hostile enchantments. (MR+)


Message History

You kill the orc!
Okawaru accepts your kill.
The orc shoots a bolt.
The bolt hits you!
Unknown command.
Unknown command.
The orc warrior shoots a bolt.
The bolt hits you!!
* * * LOW HITPOINT WARNING * * *
You see here a bolt.
Unknown command.
Unknown command.
The orc shoots a bolt.
The bolt closely misses you.
Unknown command.
Unknown command.
The orc shoots a bolt.
The bolt barely misses you.
Unknown command.
Unknown command.
You gain the combat prowess of a mighty hero.
Unknown command.
The orc shoots a bolt.
The bolt hits you!!
You die...

..............................#
..............................#
≈.................≈≈≈≈≈.......#
≈≈...............≈≈#)#≈≈......#
#≈........o......≈##.##≈......#
g≈......(........≈..^.o≈......#
#≈......(.(......≈##.# ≈
≈≈..o..(###(.(...≈≈#.#≈≈
≈....#### ####@)..≈≈≈≈≈. ....#
##......... ...# ##........
#((...... ##....... .......
....... ....... .......


You could see an orc.

Vanquished Creatures
  Erica (D:8)
  Psyche (D:10)
  A gargoyle (D:10)
  A two-headed ogre (D:10)
  An orc warrior (D:7)
  An ogre (D:4)
  A centaur (D:8)
  A bullfrog (D:9)
  2 crimson imps
  3 hounds
  2 jellies
  4 orc wizards
  An orc priest (D:5)
  A centaur skeleton (D:7)
  5 worker ants
  Natasha (D:3)
  An iguana (D:5)
  3 gnolls (D:7)
  7 adders
  An adder zombie (D:7)
  A worm (D:4)
  A dart slug (D:1)
  2 leopard geckos
  15 orcs
  3 jackals (D:7)
  2 quokkas
  A ball python (D:4)
  A frilled lizard (D:2)
  A goblin (D:3)
  A rat (D:1)
67 creatures vanquished.

Notes
Turn   | Place    | Note
-------+----------+-------------------------------------------
     0 | D:1      | 4thArraOfDagon the Troll Monk began the quest for the Orb.
     0 | D:1      | Reached XP level 1. HP: 22/22 MP: 0/0
   100 | D:2      | Reached XP level 2. HP: 29/29 MP: 1/1
   193 | D:3      | Reached skill level 4 in Unarmed Combat
   197 | D:3      | Noticed Natasha
   212 | D:3      | Killed Natasha
   212 | D:3      | Reached XP level 3. HP: 7/36 MP: 2/2
   259 | D:4      | Found a staircase to the Ecumenical Temple.
   264 | Temple   | Entered the Ecumenical Temple
   293 | Temple   | Became a worshipper of Warmaster Okawaru
   293 | Temple   | Reached * piety under Okawaru
   293 | Temple   | Reached ** piety under Okawaru
   326 | D:4      | Reached XP level 4. HP: 39/44 MP: 3/3
   333 | D:4      | Found a shadowy altar of Dithmenos.
   347 | D:4      | Reached skill level 5 in Unarmed Combat
   347 | D:4      | Reached skill level 1 in Invocations
   352 | D:4      | Noticed an ogre
   357 | D:4      | Killed an ogre
   357 | D:4      | Reached XP level 5. HP: 24/50 MP: 1/5
   523 | D:5      | Entered Level 5 of the Dungeon
   535 | D:5      | Reached skill level 6 in Unarmed Combat
   607 | D:5      | Found a glowing silver altar of Zin.
   620 | D:5      | Reached XP level 6. HP: 53/59 MP: 3/6
   658 | D:6      | Found a hazy altar of Hepliaklqana.
   757 | D:7      | Noticed an orc warrior
   786 | D:7      | Killed an orc warrior
   786 | D:7      | Reached *** piety under Okawaru
   786 | D:7      | Reached skill level 7 in Unarmed Combat
   832 | D:7      | Reached XP level 7. HP: 34/66 MP: 8/8
  1024 | D:8      | Found a glowing golden altar of the Shining One.
  1193 | D:8      | Noticed Erica
  1213 | D:8      | Killed Erica
  1213 | D:8      | Reached **** piety under Okawaru
  1213 | D:8      | Reached skill level 9 in Unarmed Combat
  1213 | D:8      | Reached XP level 8. HP: 74/74 MP: 8/10
  1338 | D:9      | Reached skill level 5 in Invocations
  1398 | D:9      | Found an iron altar of Okawaru.
  1425 | D:9      | Found Neilo's Distillery.
  1428 | D:9      | Bought 2 potions of agility for 112 gold pieces
  1428 | D:9      | Bought a potion of might for 56 gold pieces
  1428 | D:9      | Bought a potion of mutation for 35 gold pieces
  1428 | D:9      | Gained mutation: You have a beak for a mouth. [potion of mutation]
  1428 | D:9      | Gained mutation: You are resistant to hostile enchantments. (MR+) [potion of mutation]
  1428 | D:9      | Gained mutation: Scrolls take you a little longer to read. [potion of mutation]
  1476 | D:10     | Entered Level 10 of the Dungeon
  1476 | D:10     | Noticed a two-headed ogre
  1481 | D:10     | Noticed a gargoyle
  1483 | D:10     | Killed a gargoyle
  1483 | D:10     | Reached skill level 10 in Unarmed Combat
  1488 | D:10     | Killed a two-headed ogre
  1488 | D:10     | Reached ***** piety under Okawaru
  1488 | D:10     | Reached XP level 9. HP: 58/80 MP: 9/12
  1527 | D:10     | Noticed Psyche
  1535 | D:10     | Killed Psyche
  1535 | D:10     | Received a gift from Okawaru
  1555 | D:10     | Found a flagged portal.
  1563 | Bailey   | Entered a bailey
  1659 | Bailey   | Shot with a bolt by an orc

Vault maps used:
D:1:      lightli_arrival_flooded_house, minmay_lizard_king
D:2:      overflow_temple_1_default, grunt_ministairs_13, fountainhead,
          uniq_terence
D:3:      minmay_rats_cheesy_pizza, uniq_natasha, uniq_jessica, uniq_iyjb
D:4:      lemuel_crystal_altar, first_bread, grunt_decor_fettered,
          kennysheep_generic_room_10
D:5:      zin_statuary
D:6:      overflow_temple_1_default, grunt_temple_overflow_open,
          gammafunk_temple_overflow_pools, hangedman_abyss_or_decor_stagger,
          uniq_blork_the_orc
D:7:      lemuel_coloured_pillars_altar, the_bakery, uniq_duvessa
D:8:      tso_altar, uniq_erica
D:9:      gammafunk_temple_overflow_elements, minmay_orc_entry_temple_small,
          serial_shops, nicolae_shop_stone, kennysheep_mini_moat,
          nicolae_shop_behind_doors, basic_altar, kennysheep_opposing_triangles,
          uniq_erolcha
D:10:     enter_bailey_2, kennysheep_generic_room_4, uniq_psyche, uniq_harold
Temple:   nicolae_temple_figure_zero
Bailey:   bailey_polearm_2, bailey

Skill      XL: |  1  2  3  4  5  6  7  8  9 |
---------------+----------------------------+-----
Unarmed Combat | 4 5 6 7 9 10 | 10.9
Invocations    | 1 2 3 4 5 6 |  6.1
Fighting       | |  2.4
Dodging        | |  2.4
Stealth        | |  1.1

Action                   |  1- 3 |  4- 6 |  7- 9 || total
-------------------------+-------+-------+-------++-------
Melee: Unarmed           |    31 |    88 |    82 ||   201
       Punch             |     1 |       |     4 ||     5
       Peck              |       |       |     4 ||     4
Invok: Heroism           |       |     3 |     4 ||     7
Evoke: Wand              |       |       |     5 ||     5
  Use: Potion            |     1 |       |     5 ||     6
       Scroll            |       |       |     6 ||     6
 Stab: Sleeping          |       |       |     2 ||     2
  Eat: Chunk             |       |    11 |    10 ||    21
Armor: Robe              |    10 |    17 |    24 ||    51
Dodge: Dodged            |    17 |    37 |    44 ||    98
